 Dungeon Crawl Stone Soup version 0.30-a0-1094-g860fb061e7 (webtiles) character file.

Game seed: 18316880169672990821

92 fairgil the Chopper (level 4, 0/61 HPs)
             Began as a Minotaur Berserker on Apr 17, 2023.
             Was a Believer of Trog.
             Slain by a gnoll sergeant
             ... wielding a +0 spear
              (9 damage)
             ... on level 2 of the Dungeon.
             The game lasted 00:02:41 (1581 turns).

fairgil the Chopper (Minotaur Berserker)            Turns: 1581, Time: 00:02:41

Health: 0/61       AC:  7    Str: 23    XL:     4   Next: 35%
Magic:  3/3        EV: 11    Int:  4    God:    Trog [**....]
Gold:   36         SH:  0    Dex: 10    Spells: 3/3 levels left

rFire   . . .      SeeInvis .    a - +0 hand axe
rCold   . . .      Faith    .    (no shield)
rNeg    . . .      Spirit   .    k - +2 ring mail {Will+}
rPois   .          Reflect  .    (helmet restricted)
rElec   .          Rampage  .    (no cloak)
rCorr   .                        (no gloves)
Will    +++..                    (no boots) Stlth
                                 (no amulet)
HPRegen 1.30/turn                (no ring)
MPRegen 0.08/turn                (no ring)

@: berserking (expiring), strong-willed, regenerating, very quick
A: horns 2, retaliatory headbutt
a: Renounce Religion, Berserk, Trog's Hand


You were on level 2 of the Dungeon.
You worshipped Trog.
Trog was pleased with you.
You visited 1 branch of the dungeon, and saw 3 of its levels.

You collected 36 gold pieces.

Inventory:

Hand Weapons
 a - a +0 hand axe (weapon)
 b - a +1 mace of holy wrath
Armour
 k - a +2 ring mail of willpower (worn)
Scrolls
 g - 2 scrolls of poison {unknown}
 h - a scroll of teleportation
 j - a scroll of fear {unknown}
Potions
 d - a potion of resistance
 e - a potion of haste {unknown}
 f - a potion of might {unknown}
 i - a potion of flight {unknown}


   Skills:
 + Level 4.4 Fighting
 + Level 4.4 Axes
 + Level 3.4 Armour
 - Level 2.1 Dodging
 + Level 2.2 Shields


You had 3 spell levels left.
You didn't know any spells.
Your spell library was empty.

Dungeon Overview and Level Annotations

Branches:
Dungeon (3/15) Zot: 16391

Altars:


Innate Abilities, Weirdness & Mutations

You have a pair of horns on your head.
You reflexively headbutt those who attack you in melee.


Message History

The gnoll hits you with a +1 whip of distortion.
Space warps horribly around you!!
* * * LOW HITPOINT WARNING * * *
The gnoll sergeant hits you with a +0 spear.
* * * LOW HITPOINT WARNING * * *
The gnoll hits you but does no damage.
You now have 7/61 hp.
You feel a strong urge to attack something.
You climb upwards.
There is a stone staircase leading down here.
You sock the gnoll sergeant!
The gnoll sergeant is heavily wounded.
The gnoll barely misses you. You furiously retaliate!
You headbutt the gnoll! The gnoll hits you but does no damage.
The gnoll closely misses you. You furiously retaliate!
You headbutt the gnoll!!
You kill the gnoll!
Trog accepts your kill.
The gnoll sergeant hits you with a +0 spear.
* * * LOW HITPOINT WARNING * * *
Your +1 mace of holy wrath stops glowing.
a - a +0 hand axe (weapon)
You barely miss the gnoll sergeant.
The gnoll sergeant is heavily wounded.
You barely miss the gnoll. You slash the gnoll!
You kill the gnoll!
Trog accepts your kill. The gnoll misses you.
The gnoll sergeant closely misses you.
You slash the gnoll sergeant!
The gnoll sergeant is severely wounded.
You slash the gnoll! The gnoll hits you with a +0 whip.
* * * LOW HITPOINT WARNING * * *
The gnoll sergeant barely misses you.
You take 3 damage, and have 8/61 hp.
You barely miss the gnoll sergeant.
The gnoll sergeant is severely wounded.
You slash the gnoll!
You kill the gnoll!
Trog accepts your kill.
The gnoll sergeant hits you with a +0 spear!
You die...

#.#.....##############.....###
#.#.....# #######.....#
#.#.....# #...........#
#.#.....# #.####..#####
#.####### ######.####..#######
#.#########...##'#..........<#
..........................####
###............)g)........#
................@.........#
###......#....##)#........#
..#...[(......##.#........#
#.#...........##.#.########
#.#####.......##.#.# #.#
#......###.#.#
..######.###.......#
#....###.#######.###
#.##.#...........#


You could see a gnoll sergeant.

Vanquished Creatures
  3 gnolls (D:2)
  3 adders (D:2)
  A worm (D:2)
  A dart slug (D:2)
  3 endoplasms
  A giant cockroach (D:1)
  3 goblins
  5 hobgoblins
  A quokka (D:1)
  5 ball pythons
  5 bats
  2 frilled lizards
  8 kobolds
  3 rats
44 creatures vanquished.

Notes
Turn   | Place    | Note
-------+----------+-------------------------------------------
     0 | D:1      | fairgil the Minotaur Berserker began the quest for the Orb.
     0 | D:1      | Reached XP level 1. HP: 19/19 MP: 0/0
    96 | D:1      | Reached XP level 2. HP: 22/27 MP: 1/1
   212 | D:1      | Reached skill level 1 in Shields
   382 | D:1      | Reached ** piety under Trog
   420 | D:1      | You fall into a shaft and drop 1 floor!
   918 | D:2      | Reached XP level 3. HP: 30/33 MP: 2/2
  1243 | D:2      | Reached XP level 4. HP: 14/40 MP: 3/3
  1572 | D:3      | Noticed a gnoll sergeant
  1581 | D:2      | Slain by a gnoll sergeant

Illustrated notes

Levels and vault maps discovered:
D:1:      psy_arrival_fountain, layout_loops_ring
D:2:      layout_basic
D:3:      layout_loops_ring, hellmonk_ecumenical_altar_watching_god,
          serial_shops, shop, shop, shop, shop, shop_fountains,
          gup_sewer_entry_bubbles, minmay_fractal_squares_diagonal_5

Skill      XL: |  1  2  3 |
---------------+----------+-----
Shields        | 1 2 |  2.2
Axes           | 4 |  4.4
Fighting       | 4 |  4.4
Armour         | 3 |  3.4
Dodging        | |  2.1

Action                     |  1- 3 |  4- 6 || total
---------------------------+-------+-------++-------
  Melee: Hand axe          |    57 |     3 ||    60
         Headbutt          |    13 |       ||    13
         Mace              |    20 |     6 ||    26
 Invoke: Berserk           |     1 |     1 ||     2
         Trog's Hand       |       |     1 ||     1
    Use: Scroll            |     3 |       ||     3
 Armour: Animal skin       |    12 |     2 ||    14
         Ring mail         |       |     2 ||     2
  Dodge: Dodged            |    61 |     9 ||    70

Table legend: (Time is in decaauts)
 A = Elapsed time spent in this place.
 B = Non-inter-level travel time spent in this place.
 C = Inter-level travel time spent in this place.
 D = Time resting spent in this place.
 E = Time spent auto-exploring this place.
 F = Levels seen in this place.
 G = Mean time per level.
                   A        B        C        D        E       F      G
               +--------+--------+--------+--------+--------+-----+--------+
         Total |   1607 |   1545 |     62 |      0 |   1285 |   3 |  535.7 |
       Dungeon |   1607 |   1545 |     62 |      0 |   1285 |   3 |  535.7 |
               +--------+--------+--------+--------+--------+-----+--------+

Top non-repeatable levels by time:
     D:1: 889 daAuts
     D:2: 714 daAuts
     D:3: 3 daAuts
